 Dungeon Crawl Stone Soup version 0.21.1-1-g345015fe64 (webtiles) character file.

155 Naru the Chopper (level 5, -7/47 HPs)
             Began as a Hill Orc Monk on June 20, 2018.
             Was a Believer of Beogh.
             Killed from afar by an orc wizard (9 damage)
             ... with a magic dart
             ... on level 3 of the Dungeon.
             The game lasted 00:05:16 (2678 turns).

Naru the Chopper (Hill Orc Monk)                    Turns: 2678, Time: 00:05:16

Health: -7/47      AC: 11    Str: 14    XL:     5   Next: 37%
Magic:  5/5        EV:  4    Int: 11    God:    Beogh [**....]
Gold:   90         SH:  0    Dex: 13    Spells: 4/4 levels left

rFire    . . .     SeeInvis .   a - +0 hand axe
rCold    . . .     Gourm    .   (no shield)
rNeg     . . .     Faith    .   g - +0 plate armour
rPois    .         Spirit   .   (no helmet)
rElec    .         Reflect  .   (no cloak)
rCorr    .         Harm     .   k - +0 pair of gloves
MR       .....                  (no boots)
Stlth    ..........             (no amulet)
HPRegen  0.15/turn              (no ring)
MPRegen  0.09/turn              (no ring)

@: no status effects
A: no striking features
a: Smiting, Renounce Religion


You were on level 3 of the Dungeon.
You worshipped Beogh.
Beogh was pleased with you.
You were not hungry.

You visited 1 branch of the dungeon, and saw 3 of its levels.

You collected 90 gold pieces.

Inventory:

Hand Weapons
 a - a +0 hand axe (weapon)
Armour
 g - a +0 plate armour (worn)
 k - a +0 pair of gloves (worn)
Wands
 l - a wand of flame (22)
Scrolls
 d - a scroll of noise {unknown}
 e - a scroll of fog {unknown}
 f - 4 scrolls of identify {unknown}
 h - 2 scrolls of teleportation {unknown}
 i - 3 scrolls of remove curse {unknown}
 m - 2 scrolls of immolation {unknown}
 n - a scroll of magic mapping {unknown}
Potions
 b - a potion of cancellation
Comestibles
 c - 5 rations


   Skills:
 * Level 4.5 Fighting
 * Level 6.5 Axes
 + Level 1.6 Armour
 + Level 2.6 Dodging
 - Level 1.5 Stealth


You had 4 spell levels left.
You didn't know any spells.

Dungeon Overview and Level Annotations

Branches:
Dungeon (3/15)

Altars:


Message History

Things that are here:
a hand axe; an orc corpse You miss something.
Something hits you but does no damage.
You hear some strange, mumbled words.
A puff of flame appears from out of thin air!
The puff of flame hits you!
* * * LOW HITPOINT WARNING * * *
You miss something.
You hear some strange, mumbled words.
A puff of frost appears from out of thin air!
The puff of frost hits you!
* * * LOW HITPOINT WARNING * * *
Your plate armour prevents you from hitting something.
Something hits you but does no damage. x2
You miss something.
You hear some strange, mumbled words.
A magic dart appears from out of thin air!
The magic dart hits you!
You die...
Beogh appreciates something's killing of a heretic priest.

...##.## ##.# #..#
#.. ##.## #.# #..#
#.. ##.#
########.###.#
#......#..##.#
#......##.##.########
#(.....##@{.....)...#
#...........#.#####.#
######?.....#..#
#......##.#
#.)....##..
#..)....##.#
#†).....# .#
........####..# .#
.$..<.... ....#


There were no monsters in sight!

Vanquished Creatures
  An orc wizard (D:1)
  A worker ant (D:2)
  3 adders
  An ooze (D:1)
  2 worms (D:2)
  A leopard gecko (D:2)
  5 orcs
  A ball python (D:3)
  3 giant cockroaches
  3 goblins
  7 hobgoblins
  8 jackals
  3 quokkas (D:2)
  6 bats
  2 frilled lizards (D:2)
  5 kobolds
  5 rats
57 creatures vanquished.

Vanquished Creatures (others)
  An orc wizard (D:2)
  An adder (D:2)
2 creatures vanquished.

Grand Total: 59 creatures vanquished

Notes
Turn   | Place    | Note
-------+----------+-------------------------------------------
     0 | D:1      | Naru the Hill Orc Monk began the quest for the Orb.
     0 | D:1      | Reached XP level 1. HP: 19/19 MP: 1/1
  1047 | D:1      | Reached XP level 2. HP: 23/27 MP: 2/2
  1227 | D:2      | Reached XP level 3. HP: 23/33 MP: 3/3
  1253 | D:1      | Reached skill level 5 in Axes
  1436 | D:1      | Reached XP level 4. HP: 39/40 MP: 4/4
  1453 | D:2      | Became a worshipper of Beogh the Brigand
  1453 | D:2      | Reached * piety under Beogh
  1453 | D:2      | Reached ** piety under Beogh
  1617 | D:2      | Reached skill level 1 in Armour
  1963 | D:2      | Reached skill level 6 in Axes
  1963 | D:2      | Reached XP level 5. HP: 23/47 MP: 5/5
  2676 | D:3      | HP: 2/47 [something/puff of frost (11)]
  2678 | D:3      | Killed from afar by an orc wizard

Skill      XL: |  1  2  3  4 |
---------------+-------------+-----
Fighting       | 4 |  4.5
Axes           | 5 6 |  6.5
Armour         | 1 |  1.6
Dodging        | |  2.6
Stealth        | |  1.5

Action                   |  1- 3 |  4- 6 || total
-------------------------+-------+-------++-------
Melee: Hand axe          |    97 |   188 ||   285
Invok: Convert to Beogh  |       |     1 ||     1
  Use: Potion            |       |     2 ||     2
  Eat: Chunk             |     1 |     5 ||     6
Armor: Plate armour      |   108 |   153 ||   261
       Robe              |     1 |       ||     1
Dodge: Dodged            |    39 |    42 ||    81
